 Dungeon Crawl Stone Soup version 0.28.0-43-g3370ac3207 (webtiles) character file.

Game seed: 950513018220636068

248 styxcanada the Covert (level 5, -3/27 HPs)
             Began as a Spriggan Brigand on Mar 21, 2022.
             Was an Initiate of Gozag.
             Killed by nerve-wracking pain
             ... invoked by an orc priest
              (12 damage)
             ... on level 4 of the Dungeon on Mar 22, 2022.
             The game lasted 00:15:52 (4181 turns).

styxcanada the Covert (Spriggan Brigand)            Turns: 4181, Time: 00:15:54

Health: -3/27      AC:  3    Str:  7    XL:     5   Next: 86%
Magic:  0/8        EV: 18    Int: 12    God:    Gozag
Gold:   237        SH:  0    Dex: 19    Spells: 6/7 levels left

rFire   . . .      SeeInvis +   a - +2 dagger
rCold   . . .      Faith    .   (no shield)
rNeg    . . .      Spirit   +   b - +0 robe
rPois   .          Reflect  .   (helmet restricted)
rElec   .          Harm     .   c - +0 cloak
rCorr   .          Rampage  .   (gloves unavailable)
Will    .....                   (boots unavailable)
Stlth   ++++......              h - amulet of guardian spirit
HPRegen 0.09/turn               (no ring)
MPRegen 0.11/turn               (no ring)

@: gold aura, very quick
A: very small, no large weapons, unfitting armour, see invisible, speed 3
a: Renounce Religion, Potion Petition, Call Merchant, Bribe Branch


You were on level 4 of the Dungeon.
You worshipped Gozag.
Gozag was aware of your devotion.
You visited 1 branch of the dungeon, and saw 4 of its levels.

You collected 258 gold pieces.
You paid 21 gold pieces to Gozag.

Inventory:

Hand Weapons
 a - a +2 dagger (weapon)
 e - a +0 hunting sling
Missiles
 j - 24 stones (quivered)
 m - 53 sling bullets
Armour
 b - a +0 robe (worn)
 c - a +0 cloak (worn)
Jewellery
 d - a ring of magical power
 f - an amulet of magic regeneration
 h - an amulet of guardian spirit (around neck)
Scrolls
 k - 2 scrolls of fog
Potions
 n - a potion of haste
 o - a potion of heal wounds
 p - 2 potions of magic


   Skills:
 * Level 2.3 Fighting
 + Level 2.8 Short Blades
 + Level 2.6 Throwing
 * Level 2.7 Dodging
 * Level 8.5 Stealth
 * Level 1.5 Spellcasting
 * Level 0.7 Ice Magic


You had 6 spell levels left.
You knew the following spells:

 Your Spells              Type           Power      Damage    Failure   Level
a - Freeze                Ice            8%         1d3       22%         1

Your spell library contained the following spells:

 Spells                   Type           Power      Damage    Failure   Level
 Animate Skeleton         Necr           0%         N/A       28%         1
 Pain                     Necr           0%         1d4       28%         1
 Frozen Ramparts          Ice            4%         1d2       54%         3
 Vampiric Draining        Necr           0%         2d6       65%         3
 Hailstorm                Conj/Ice       1%         3d3       94%         4


Dungeon Overview and Level Annotations

Branches:
Dungeon (4/15)
 Temple: D:4-7

Altars:
Gozag


Innate Abilities, Weirdness & Mutations

You are very small and have problems with some larger weapons.
You are too small for most types of armour.
You have supernaturally acute eyesight. (SInv)
You cover ground extremely quickly. (Speed+++)


Message History

You resist with significant effort.
You hit the orc priest but do no damage.
The orc priest is almost dead.
The orc priest closely misses you.
You barely miss the orc priest.
The orc priest is almost dead.
The orc looks more healthy.
The orc priest mumbles some strange prayers to Beogh against you.
Pain shoots through your body!
You hit the orc priest but do no damage.
The orc priest is almost dead.
An adder comes into view.
You hit the orc.
You kill the orc!
The orc priest hits you with a +0 falchion.
You barely miss the orc priest.
The orc priest is almost dead.
The orc priest begins to cast a cantrip, but forgets the words!
You hit the orc priest but do no damage.
The orc priest is almost dead.
You hit the orc priest but do no damage.
The orc priest is almost dead.
The orc priest barely misses you.
You hit the orc priest but do no damage.
The orc priest is almost dead.
The orc priest hits you but does no damage.
You hit the orc priest but do no damage.
The orc priest is almost dead.
An endoplasm comes into view.
The orc priest miscasts a cantrip.
The adder bites you.
The endoplasm quivers.
You hit the orc priest but do no damage.
You punch the orc priest, but do no damage.
The orc priest is almost dead.
The adder bites you.
The orc priest mumbles some strange prayers to Beogh against you.
Pain shoots through your body!
You die...
Your body crumbles into a pile of gold.

$ #........# #........#
#........# .## #.......#
..J.### #.......#
#(($(.#####.......#
#(.S@.##......[#
#######o..........#
###.......##........#
#..........####.....#
##..........###......#
#...........##.<.....##
#............#........##
#..................##..##
#....[......##.########.#


You could see an orc priest (very poisoned), an adder and an endoplasm.

Vanquished Creatures
  A hound (D:4)
  An orc priest (D:3)
  2 orc wizards (D:3)
  5 adders
  3 gnolls (D:2)
  A dart slug (D:3)
  7 orcs
  3 ball pythons
  5 endoplasms
  A giant cockroach (D:1)
  2 goblins
  8 hobgoblins
  4 jackals
  5 quokkas
  A bat (D:2)
  A frilled lizard (D:1)
  2 kobolds
  4 rats
56 creatures vanquished.

Vanquished Creatures (others)
  2 demonic plants (D:2)
  A plant (D:2)
3 creatures vanquished.

Grand Total: 59 creatures vanquished

Notes
Turn   | Place    | Note
-------+----------+-------------------------------------------
     0 | D:1      | styxcanada the Spriggan Brigand began the quest for the
                  | Orb.
     0 | D:1      | Reached XP level 1. HP: 10/10 MP: 2/2
    77 | D:1      | Reached skill level 6 in Stealth
   455 | D:1      | Reached XP level 2. HP: 15/15 MP: 3/3
  1632 | D:2      | Reached skill level 7 in Stealth
  1632 | D:2      | Reached XP level 3. HP: 18/18 MP: 4/4
  1930 | D:2      | Found a faded altar of an unknown god.
  1977 | D:2      | Found an opulent altar of Gozag.
  1985 | D:2      | Became a worshipper of Gozag Ym Sagoz the Greedy
  2060 | D:2      | Reached XP level 4. HP: 23/23 MP: 5/5
  2404 | D:3      | Learned a level 1 spell: Freeze
  2468 | D:3      | Reached skill level 8 in Stealth
  2647 | D:3      | Reached skill level 1 in Spellcasting
  2709 | D:3      | Reached XP level 5. HP: 26/26 MP: 7/7
  4181 | D:4      | Killed from afar by an orc priest

Illustrated notes

Levels and vault maps discovered:
D:1:      minmay_arrival_floating_metal, layout_basic
D:2:      layout_loops_cross, serial_forest, infiniplex_forest_lined_room_3,
          infiniplex_forest_clump_long, infiniplex_forest_lined_2,
          infiniplex_forest_lined_4_way, infiniplex_forest_straight_5,
          basic_altar, dreamdust_ecumenical_altar_sealed_demon,
          lemuel_flame_loot_1
D:3:      layout_basic
D:4:      layout_cave_pods, minmay_temple_entry_gardened_gates,
          kennysheep_generic_room_12

Skill      XL: |  1  2  3  4 |
---------------+-------------+-----
Stealth        | 6 7 8 |  8.5
Fighting       | 2 |  2.3
Dodging        | 2 |  2.7
Spellcasting   | 1 |  1.5
Short Blades   | |  2.8
Throwing       | |  2.6
Ice Magic      | |  0.7

Action                   |  1- 3 |  4- 6 || total
-------------------------+-------+-------++-------
Melee: Dagger            |    56 |   108 ||   164
       Punch             |       |     3 ||     3
Throw: Dart              |    19 |    33 ||    52
       Throwing net      |       |     3 ||     3
       Stone             |       |     1 ||     1
 Cast: Freeze            |       |     3 ||     3
  Use: Scroll            |     6 |     1 ||     7
       Potion            |       |     1 ||     1
 Stab: Sleeping          |    12 |     9 ||    21
       Distracted        |       |     1 ||     1
Armor: Robe              |     5 |     5 ||    10
Dodge: Dodged            |    34 |    50 ||    84
